 Dungeon Crawl Stone Soup version 0.31-a0-986-g5e6e4ef867 (webtiles) character file.

Game seed: 4160130881717098324

125 dialectric the Cudgeller (level 5, -5/49 HPs)
             Began as a Gargoyle Berserker on Nov 12, 2023.
             Was a Believer of Trog.
             Killed by divine providence
             ... invoked by an orc priest
              (13 damage)
             ... on level 3 of the Dungeon.
             The game lasted 00:02:37 (1981 turns).

dialectric the Cudgeller (Gargoyle Berserker)       Turns: 1981, Time: 00:02:38

Health: -5/49      AC:  6    Str: 23    XL:     5   Next: 9%
Magic:  5/5        EV: 12    Int:  7    God:    Trog [**....]
Gold:   90         SH:  0    Dex:  9    Spells: 4/4 levels left

rFire   . . .        a - +0 mace
rCold   + . .        (no shield)
rNeg    + . .        b - +0 animal skin
rPois   ∞            (no helmet)
rElec   +            (no cloak)
rCorr   .            (no gloves)
SInv    .            (no boots)
Will    .....        (no amulet) Stlth
                     c - ring of protection from cold
HPRegen 0.28/turn    f - ring of flight
MPRegen 0.09/turn

%: no passive effects
@: berserking (expiring), flying, very quick
A: sickness immunity, AC +4, negative energy resistance 1, electricity
resistance, torment resistance 1, petrification resistance
a: Renounce Religion, Berserk, Trog's Hand


You were on level 3 of the Dungeon.
You worshipped Trog.
Trog was pleased with you.
You visited 1 branch of the dungeon, and saw 3 of its levels.

You collected 90 gold pieces.

Inventory:

Hand Weapons
 a - a +0 mace (weapon)
Armour
 b - a +0 animal skin (worn)
 e - a +0 chain mail
Jewellery
 c - a ring of protection from cold (left hand)
 f - a ring of flight (right hand)
Scrolls
 d - a scroll of torment {unknown}
 g - 3 scrolls of fog {unknown}
 h - 7 scrolls of teleportation {unknown}
Potions
 i - a potion of lignification {unknown}
 j - 2 potions of curing {unknown}
 k - a potion of heal wounds {unknown}
 l - a potion of degeneration {unknown}


   Skills:
 - Level 4.2 Fighting
 + Level 4.4 Maces & Flails
 + Level 2.5 Armour
 - Level 2.2 Dodging


You had 4 spell levels left.
You didn't know any spells.
Your spell library was empty.

Dungeon Overview and Level Annotations

Branches:
Dungeon (3/15)

Altars:
Gozag
The Shining One

Annotations:
D:3 3 runed translucent doors, kaesle's ghost, amateur HOFi


Innate Abilities, Weirdness & Mutations

You are immune to sickness and miasma.
Your stone body is resilient. (AC +4)
You are immune to poison.
You resist negative energy. (rN+)
You are resistant to electric shocks. (rElec)
You are resistant to unholy torment.
You are immune to petrification.


Message History

There is an open door here.
A red film seems to cover your vision as you go berserk!
You feel yourself moving faster!
You feel mighty!
You feel a strong urge to attack something.
The orc priest barely misses you.
You sock the orc priest!
The orc priest is almost dead.
The gnoll hits you with a +0 whip. The orc misses you.
The gnoll hits you with a +0 whip. The orc priest completely misses you.
You barely miss the orc priest.
The orc priest is almost dead.
The orc barely misses you.
You hit the orc priest.
You kill the orc priest!
Trog accepts your kill.
An orc priest comes into view. It is wielding a +0 war axe.
The gnoll hits you but does no damage. The orc hits you but does no damage.
You have reached level 5!
The orc priest shouts!
You sock the gnoll!
The gnoll is heavily wounded.
The gnoll hits you with a +0 whip!
* * * LOW HITPOINT WARNING * * *
You closely miss the gnoll.
The gnoll is heavily wounded.
The orc closely misses you. The gnoll closely misses you.
The gnoll hits you with a +0 whip.
* * * LOW HITPOINT WARNING * * *
You barely miss the gnoll.
The gnoll is heavily wounded.
The orc hits you but does no damage.
Unknown command.
You thump the orc!
The orc is almost dead.
The gnoll hits you from afar with a +0 spear.
* * * LOW HITPOINT WARNING * * *
The orc priest invokes the aid of Beogh against you.
Beogh smites you!
You die...

## #..$.$#...#####
######## #8..$.+...#
#....... #∩$8_B+...#
#.###### #8$$$W+...#
#.# #..$Kh#...#
#######.#
##∩8.##...###.......#
########........[..#
#####.).........#
#...#@g.........#
#...#o..........#
#...g...........#
#...#.#########.#
#.o.#.# #.# ###'##.#
.# #..o.#.# #....#.#
#....#.#


You could see 2 orc priests, 2 gnolls and an orc.

Vanquished Creatures
  An orc priest (D:3)
  4 gnolls (D:2)
  2 adders
  2 dart slugs
  A bat (D:1)
  3 endoplasms
  3 giant cockroaches (D:1)
  3 goblins
  2 hobgoblins (D:1)
  3 jackals (D:2)
  A quokka (D:3)
  3 ball pythons
  2 frilled lizards (D:1)
  4 kobolds
  3 rats
37 creatures vanquished.

Notes
Turn   | Place    | Note
-------+----------+-------------------------------------------
     0 | D:1      | dialectric the Gargoyle Berserker began the quest for the
                  | Orb.
     0 | D:1      | Reached XP level 1. HP: 14/14 MP: 1/1
   162 | D:1      | Reached XP level 2. HP: 17/19 MP: 2/2
   276 | D:1      | Found a faded altar of an unknown god.
  1028 | D:2      | Reached XP level 3. HP: 22/24 MP: 3/3
  1146 | D:2      | Reached XP level 4. HP: 21/29 MP: 4/4
  1377 | D:2      | Found a glowing golden altar of the Shining One.
  1791 | D:3      | Reached ** piety under Trog
  1851 | D:3      | Found a runed translucent gate.
  1851 | D:3      | Found a runed translucent gate.
  1851 | D:3      | Found a runed translucent gate.
  1852 | D:3      | Found an opulent altar of Gozag.
  1853 | D:3      | Noticed kaesle's ghost (amateur HOFi)
  1854 | D:3      | Noticed a black bear
  1978 | D:3      | Reached XP level 5. HP: 20/33 MP: 5/5
  1981 | D:3      | Killed from afar by an orc priest

Illustrated notes

Levels and vault maps discovered:
D:1:      giann_forest_graveyard, layout_loops_ring,
          dreamdust_ecumenical_altar_angels_and_demons, minmay_tetromino_l4
D:2:      layout_loops_ring, basic_altar, nicolae_hexahallways,
          nicolae_grassy_gnolls
D:3:      layout_basic, minitemple, ebering_ghost_gozag, serial_shops,
          nicolae_shop_crystal, due_unseen_surprise

Skill      XL: |  1  2  3  4 |
---------------+-------------+-----
Fighting       | 4 |  4.2
Dodging        | 2 |  2.2
Maces & Flails | 4 |  4.4
Armour         | |  2.5

Action                     |  1- 3 |  4- 6 || total
---------------------------+-------+-------++-------
  Melee: Mace              |    74 |    56 ||   130
         Punch             |     1 |       ||     1
 Invoke: Berserk           |     1 |     2 ||     3
   Stab: Sleeping          |     2 |       ||     2
 Armour: Animal skin       |    50 |    49 ||    99
  Dodge: Dodged            |    55 |    40 ||    95

Table legend: (Time is in decaauts)
 A = Elapsed time spent in this place.
 B = Non-inter-level travel time spent in this place.
 C = Inter-level travel time spent in this place.
 D = Time resting spent in this place.
 E = Time spent auto-exploring this place.
 F = Levels seen in this place.
 G = Mean time per level.
                   A        B        C        D        E       F      G
               +--------+--------+--------+--------+--------+-----+--------+
         Total |   2027 |   1963 |     64 |      0 |   1540 |   3 |  675.7 |
       Dungeon |   2027 |   1963 |     64 |      0 |   1540 |   3 |  675.7 |
               +--------+--------+--------+--------+--------+-----+--------+

Top non-repeatable levels by time:
     D:2: 1017 daAuts
     D:1: 792 daAuts
     D:3: 217 daAuts
